Map: Pillars of Gold LE

Players

eGGz - Winner!

  • Race: Zerg Zerg
  • League: Master
  • Spawn Location: 7:00

nanO

  • Race: Protoss Protoss
  • Spawn Location: 1:00

Event: DreamHack SC2 Masters 2020 Summer Latin America

VOD

Have the link to the VOD?

Description

Time

  • Played on: June 25, 2020, 3:25 p.m.
  • Length: 13:51

All games in this series

Show
View Real Time Build Order
Export as new Build Order

eGGz Zerg - Winner!

Build Orders: Hatch First 

Get SALT Encoding   

  12  0:01  Drone  
  13  0:12  Overlord  
  13  0:19  Drone  
  14  0:31  Drone x2  
  16  0:50  Hatchery  
  16  0:53  Drone  
  16  1:01  Drone, Extractor  
  16  1:05  Drone  
  17  1:17  Spawning Pool  
  16  1:20  Drone  
  16  1:24  Drone  
  18  1:32  Drone  
  19  1:38  Drone  
  20  1:51  Overlord  
  20  2:04  Queen x2  
  20  2:05  Zergling x2  
  25  2:09  Zergling x2  
  25  2:12  Metabolic Boost  
  26  2:17  Drone  
  29  2:22  Drone x2  
  29  2:30  Drone  
  30  2:44  Hatchery  
  30  2:45  Drone  
  30  2:49  Overlord  
  29  2:56  Queen  
  31  2:59  Drone  
  31  3:04  Drone  
  33  3:06  Drone x2  
  33  3:10  Zergling x4  
  37  3:15  Drone x2  
  37  3:17  Drone  
  40  3:22  Overlord  
  40  3:24  Drone  
  41  3:33  Drone x2  
  43  3:39  Overlord  
  43  3:47  Drone  
  44  3:50  Drone x2, Queen  
  44  3:53  Queen  
  50  3:58  Drone  
  50  3:59  Spore Crawler  
  50  4:00  Zergling x4  
  52  4:04  Spore Crawler  
  51  4:12  Drone, Overlord  
  51  4:14  Zergling x4  
  51  4:15  Roach Warren, Zergling x2  
  54  4:20  Zergling x4  
  54  4:21  Zergling x2  
  57  4:24  Drone x2  
  59  4:32  Zergling x8  
  59  4:36  Zergling x4  
  65  4:40  Zergling x2  
  66  4:58  Roach x6  
  71  5:02  Zergling x12  
  71  5:06  Roach x2  
  73  5:09  Zergling x2  
  71  5:24  Drone x2  
  67  5:30  Roach x2, Zergling x4  
  70  5:38  Drone  
  70  5:39  Drone  
  69  5:46  Drone x2  
  69  5:48  Drone  
  70  5:53  Zergling x2  
  70  5:54  Zergling x2  
  70  5:59  Lair  
  70  6:00  Drone, Extractor  
  70  6:04  Drone x2  
  70  6:10  Zergling x2  
  73  6:13  Extractor x2  
  73  6:18  Overlord  
  71  6:20  Overlord  
  71  6:25  Drone x2  
  73  6:30  Overlord  
  73  6:37  Drone x3  
  73  6:38  Drone x3  
  79  6:41  Drone  
  79  6:42  Drone x4  
  79  6:44  Roach x2  
  87  6:55  Roach x5  
  87  7:00  Glial Reconstitution  
  97  7:02  Overlord  
  97  7:03  Overlord  
  97  7:06  Overlord  
  97  7:08  Overlord  
  97  7:17  Overlord  
  96  7:32  Drone x3  
  96  7:33  Roach  
  96  7:34  Roach x5  
  110  7:38  Roach  
  110  7:40  Drone x2  
  110  7:41  Drone  
  112  7:55  Roach x4  
  112  7:57  Ravager x3  
  112  7:58  Ravager  
  124  8:04  Drone x3  
  124  8:05  Drone  
  128  8:09  Drone x3  
  131  8:13  Drone  
  131  8:14  Evolution Chamber  
  131  8:19  Zergling x8  
  135  8:22  Ravager  
  135  8:23  Ravager  
  135  8:30  Roach x2  
  137  8:38  Overlord  
  136  8:41  Roach  
  136  8:42  Overlord  
  136  8:44  Overlord  
  136  8:48  Overlord  
  135  8:50  Overlord  
  135  8:54  Zerg Missile Weapons Level 1  
  135  8:55  Tunneling Claws  
  134  8:56  Burrow  
  134  8:58  Roach x3, Extractor  
  134  8:59  Roach x2, Extractor  
  134  9:00  Drone x2  
  144  9:05  Ravager  
  144  9:08  Drone  
  146  9:10  Roach x2  
  146  9:11  Roach x2  
  146  9:14  Drone x3  
  146  9:15  Drone  
  158  9:17  Drone  
  158  9:22  Roach x2  
  158  9:23  Roach  
  165  9:26  Drone  
  165  9:27  Drone x2  
  165  9:29  Ravager x2  
  170  9:37  Roach x3  
  176  9:43  Hatchery  
  175  9:56  Overlord, Infestation Pit  
  175  9:57  Ravager  
  175  10:01  Roach  
  177  10:10  Overlord  
  177  10:11  Ravager  
  178  10:20  Roach x2  
  178  10:21  Roach x2  
  185  10:30  Roach x2, Ravager x3  
  185  10:31  Roach x7, Ravager  
  185  10:35  Roach x4  
  194  10:39  Overlord  
  194  10:40  Hive  
  194  10:50  Extractor  
  194  10:55  Roach x3  
  194  10:56  Extractor  
  195  10:58  Ravager x3  
  198  11:07  Roach x2  
  198  11:08  Roach  
  188  11:16  Roach x10  
  197  11:18  Ravager  
  187  11:41  Roach  
  187  11:42  Roach x6  
  193  11:50  Hatchery  
  193  11:52  Roach x5  
  193  11:53  Roach  
  198  12:05  Roach x3  
  198  12:06  Roach x34  
  200  12:10  Spire  
  121  12:38  Roach x9  
  121  12:39  Roach x11  
  121  12:43  Roach x2  
  129  12:51  Roach x5  
  129  12:55  Roach x2  
  129  12:56  Roach x4  
  135  12:59  Zergling x12  
  141  13:07  Roach x4, Zergling x8  
  141  13:08  Zergling x2  
  146  13:13  Roach x2  
  146  13:16  Drone x3  
  157  13:22  Roach x2  
  157  13:23  Roach x2  
  157  13:24  Roach x6  
  157  13:25  Roach x2  
  157  13:27  Roach x10  
  162  13:29  Roach  
  162  13:31  Roach  
  162  13:32  Roach  
Show
View Real Time Build Order
Export as new Build Order

nanO Protoss 

Build Orders: 1 Gate Expand, Mass Adepts 

Get SALT Encoding   

  12  0:00  Probe  
  13  0:12  Probe  
  14  0:19  Pylon  
  14  0:24  Probe  
  15  0:33  Probe  
  15  0:40  Gateway  
  15  0:41  Probe  
  16  0:48  Assimilator  
  17  0:52  Probe  
  18  1:04  Probe  
  19  1:23  Nexus  
  19  1:27  Probe  
  20  1:37  Cybernetics Core  
  20  1:41  Probe  
  20  1:45  Assimilator  
  21  1:53  Probe  
  22  1:56  Pylon  
  22  2:04  Adept  
  22  2:05  Probe  
  23  2:14  Warp Gate  
  25  2:17  Probe  
  26  2:24  Twilight Council  
  26  2:26  Stalker  
  26  2:29  Probe  
  29  2:40  Probe  
  29  2:41  Probe  
  31  2:49  Resonating Glaives  
  31  2:52  Probe  
  31  2:54  Robotics Facility  
  31  2:58  Probe  
  33  3:04  Probe  
  34  3:10  Probe  
  35  3:17  Gateway  
  35  3:19  Probe  
  37  3:28  Shield Battery  
  37  3:34  Gateway  
  36  3:35  Warp Prism  
  36  3:36  Gateway  
  36  3:47  Probe  
  39  3:49  Probe  
  39  3:55  Pylon  
  40  4:00  Probe  
  40  4:01  Adept  
  43  4:03  Probe  
  44  4:10  Pylon  
  44  4:11  Adept  
  44  4:13  Probe  
  44  4:16  Probe  
  48  4:24  Pylon  
  48  4:25  Probe  
  48  4:29  Probe  
  50  4:33  Adept x4  
  50  4:37  Probe  
  59  4:42  Pylon  
  59  4:45  Probe  
  60  4:53  Adept x3  
  60  4:54  Adept  
  66  5:06  Probe  
  65  5:10  Probe  
  66  5:14  Adept  
  66  5:15  Adept x3  
  66  5:18  Probe  
  73  5:22  Probe  
  73  5:26  Immortal  
  64  5:32  Assimilator  
  64  5:33  Assimilator  
  68  5:38  Probe  
  65  5:43  Probe  
  62  5:51  Sentry  
  62  5:56  Immortal  
  58  5:57  Sentry, Shield Battery  
  58  5:59  Shield Battery  
  60  6:04  Forge  
  60  6:08  Sentry  
  60  6:11  Shield Battery  
  66  6:15  Nexus, Shield Battery  
  66  6:18  Sentry  
  66  6:21  Probe  
  66  6:24  Adept x2  
  73  6:27  Immortal  
  73  6:33  Probe  
  73  6:34  Pylon  
  78  6:42  Pylon  
  78  6:43  Pylon  
  78  6:47  Protoss Ground Weapons Level 1  
  78  6:53  Sentry x2  
  82  6:54  Probe  
  82  6:55  Shield Battery  
  82  6:57  Probe  
  82  6:58  Shield Battery  
  84  7:02  Immortal  
  84  7:06  Probe  
  84  7:07  Adept x2  
  93  7:18  Pylon, Probe  
  94  7:25  Probe  
  95  7:34  Sentry  
  95  7:35  Probe x2  
  95  7:37  Probe  
  95  7:42  Immortal  
  100  7:47  Probe  
  100  7:51  Blink  
  101  7:54  Probe  
  101  7:58  Gateway  
  98  8:00  Gateway  
  98  8:02  Gateway  
  98  8:07  Gateway  
  98  8:10  Assimilator  
  98  8:13  Immortal  
  98  8:15  Assimilator  
  98  8:18  Pylon  
  98  8:19  Stalker x2  
  106  8:32  Zealot  
  106  8:33  Zealot  
  108  8:37  Probe  
  108  8:40  Probe  
  107  8:44  Probe  
  107  8:47  Stalker, Observer  
  108  8:49  Probe  
  108  8:54  Pylon  
  108  8:55  Stalker x4, Pylon  
  118  8:58  Shield Battery  
  118  9:04  Stalker  
  118  9:08  Stalker  
  122  9:13  Protoss Ground Weapons Level 2  
  122  9:15  Stalker x2  
  126  9:23  Immortal  
  126  9:30  Zealot x2  
  134  9:38  Stalker x2  
  134  9:45  Stalker, Pylon  
  138  9:48  Sentry x2  
  138  9:49  Sentry, Charge  
  146  10:00  Stalker  
  146  10:03  Pylon  
  146  10:04  Stalker  
  150  10:14  Stalker x3  
  156  10:26  Probe  
  156  10:29  Probe  
  156  10:32  Stalker x4  
  164  10:38  Pylon  
  164  10:41  Probe  
  165  10:50  Pylon  
  165  10:51  Pylon  
  160  10:58  Stalker  
  160  10:59  Stalker x2  
  161  11:07  Stalker  
  138  11:20  Sentry x2  
  138  11:22  Stalker x2  
  146  11:26  Stalker  
  147  11:37  Stalker x2  
  151  11:42  Probe  
  148  11:55  Stalker x4  
  146  12:13  Stalker x3  
  146  12:14  Stalker  
  154  12:24  Observer  
  129  12:32  Stalker x4  
  95  12:43  Probe x2  
  69  12:51  Probe  
  61  12:53  Probe  
  61  12:56  Probe  
  57  12:59  Probe  
  57  13:01  Probe  
  57  13:05  Stalker x4, Probe  
  62  13:07  Probe  
  62  13:11  Probe  
  70  13:14  Probe  
  70  13:19  Photon Cannon  
  72  13:21  Probe  
  72  13:26  Probe  
  70  13:36  Adept x3  
  70  13:37  Adept x2  
Tags
 
Add a new tag
Caveats
  • Supply blocks, unpowered buildings, or Contaminate may cause inaccurate times.
  • Supply counts are checked every 10 seconds.